Map: Tours du crépuscule

Players

zidar

  • Race: Zerg Zerg
  • League: Silver
  • Spawn Location: 1:00

sound - Winner!

  • Race: Protoss Protoss
  • League: Bronze
  • Spawn Location: 7:00

VOD

Have the link to the VOD?

Description

Time

  • Played on: Nov. 27, 2015, 9:36 a.m.
  • Length: 10:49
Show
View Real Time Build Order
Export as new Build Order

zidar Zerg 

Build Orders: Hatch First 

Get SALT Encoding   

  12  0:02  Drone  
  13  0:11  Drone  
  14  0:17  Overlord  
  14  0:21  Extractor  
  14  0:23  Drone  
  15  0:36  Drone x2  
  17  0:57  Hatchery  
  17  0:59  Drone  
  17  1:14  Spawning Pool  
  17  1:16  Drone  
  17  1:29  Drone  
  17  1:31  Overlord  
  19  1:32  Drone  
  19  1:39  Extractor  
  17  2:02  Queen  
  19  2:09  Queen  
  19  2:11  Zergling x2  
  19  2:12  Zergling x4  
  24  2:22  Drone  
  25  2:43  Drone  
  26  2:50  Drone  
  26  2:51  Roach Warren  
  26  2:58  Drone x3  
  29  3:09  Metabolic Boost  
  29  3:16  Extractor  
  28  3:20  Drone x6  
  28  3:21  Drone x2  
  35  4:30  Overlord x3  
  33  4:40  Queen  
  35  4:47  Queen  
  35  4:48  Roach x7  
  35  4:49  Roach x4  
  59  4:55  Overlord x2  
  59  5:12  Extractor  
  58  5:25  Ravager x2  
  58  5:27  Ravager  
  61  5:39  Ravager x2  
  61  5:40  Ravager  
  62  5:49  Roach  
  64  5:50  Roach x2  
  68  6:08  Lair  
  68  6:53  Roach x4  
  76  6:57  Overlord x3  
  76  6:58  Overlord  
  76  6:59  Overlord  
  76  7:15  Queen  
  78  7:20  Hatchery, Spire  
  76  7:25  Roach x5  
  86  7:34  Extractor  
  85  7:45  Hatchery  
  85  7:48  Spine Crawler  
  83  7:51  Spine Crawler  
  83  7:57  Spine Crawler  
  81  8:09  Drone  
  81  8:10  Drone x13  
  95  8:34  Ravager  
  89  8:35  Ravager  
  89  8:36  Ravager  
  92  8:41  Zergling x4  
  92  8:42  Zergling x10  
  88  9:39  Queen  
  90  9:54  Queen  
  92  10:21  Hydralisk Den  
Show
View Real Time Build Order
Export as new Build Order

sound Protoss - Winner!

Build Orders:  

Get SALT Encoding   

  12  0:01  Probe (Chrono Boost)  
  13  0:11  Probe (Chrono Boost)  
  14  0:20  Pylon  
  14  0:22  Probe (Chrono Boost)  
  15  0:38  Probe (Chrono Boost)  
  16  0:44  Gateway  
  16  0:46  Assimilator  
  16  0:48  Probe (Chrono Boost)  
  17  0:59  Pylon  
  17  1:32  Pylon  
  17  1:37  Cybernetics Core  
  17  1:46  Nexus  
  17  1:55  Probe (Chrono Boost)  
  18  2:04  Assimilator  
  18  2:05  Probe (Chrono Boost)  
  19  2:13  Warp Gate (Chrono Boost)  
  19  2:15  Probe (Chrono Boost)  
  20  2:26  Robotics Facility  
  20  2:30  Probe  
  21  2:43  Probe  
  22  2:52  Pylon  
  22  2:53  Pylon  
  22  2:55  Probe  
  23  3:07  Probe  
  24  3:16  Warp Prism  
  24  3:19  Probe  
  27  3:31  Gateway  
  27  3:32  Gateway  
  27  4:00  Probe  
  28  4:05  Stalker  
  30  4:10  Probe  
  31  4:21  Probe  
  30  4:29  Adept  
  30  4:30  Adept x2  
  36  4:31  Probe  
  37  5:12  Immortal (Chrono Boost)  
  41  5:26  Gateway  
  41  5:30  Stalker x3  
  47  5:46  Immortal (Chrono Boost)  
  45  5:57  Pylon  
  45  5:59  Probe, Pylon  
  45  6:00  Probe  
  45  6:02  Pylon  
  47  6:05  Pylon  
  47  6:10  Probe  
  47  6:13  Probe  
  47  6:17  Zealot x2  
  53  6:20  Probe  
  53  6:21  Immortal (Chrono Boost)  
  53  6:25  Probe  
  55  6:53  Gateway  
  55  6:54  Gateway  
  55  6:55  Gateway  
  55  6:58  Gateway  
  55  7:00  Gateway  
  55  7:02  Gateway  
  59  7:09  Immortal (Chrono Boost)  
  59  7:43  Immortal (Chrono Boost)  
  63  8:00  Adept x4  
  63  8:01  Adept x2  
  63  8:05  Adept x3  
  77  8:06  Adept  
  83  8:27  Immortal (Chrono Boost)  
  85  8:33  Stalker x2  
  83  9:13  Pylon  
  83  9:16  Pylon  
  81  9:18  Pylon  
  81  9:20  Pylon  
  81  9:26  Pylon  
  81  9:28  Pylon  
  81  9:30  Pylon  
  69  9:32  Pylon  
  69  9:36  Pylon  
  69  9:42  Stalker x3  
  69  9:43  Stalker x3  
  69  9:44  Stalker x4  
  85  10:19  Adept  
  85  10:20  Adept  
  85  10:21  Adept x4  
  91  10:22  Adept x4  
  99  10:46  Stalker  
Tags
 
Add a new tag
Caveats
  • Supply blocks, unpowered buildings, or Contaminate may cause inaccurate times.
  • Supply counts are checked every 10 seconds.